 Dungeon Crawl Stone Soup version 0.17-a0-1719-g1afd5a1 (webtiles) character file.

84 kosy22 the Skirmisher (level 4, 0/42 HPs)
             Began as a Hill Orc Chaos Knight on Aug 27, 2015.
             Slain by an adder (3 damage)
             ... on level 2 of the Dungeon.
             The game lasted 00:03:57 (1287 turns).

kosy22 the Skirmisher (Hill Orc Chaos Knight)       Turns: 1287, Time: 00:03:57

Health: 0/42       AC:  5    Str: 15    XL:     4   Next: 45%
Magic:  6/8        EV: 12    Int: 12    God:    Xom [..*...]
Gold:   21         SH:  0    Dex: 10    Spells: 0 memorised, 8 levels left

rFire  . . .     SeeInvis .     a - +0 falchion (chaos)
rCold  . . .     Clarity  .     b - +2 leather armour
rNeg   . . .     SustAt   .     (no shield)
rPois  .         Gourm    .     (no helmet)
rElec  .         Spirit   .     (no cloak)
rCorr  .         Warding  .     (no gloves)
rMut   .         Stasis   .     (no boots)
MR     .....                    (no amulet)
Stlth  ++........               (no ring)
                                (no ring)

@: lethally poisoned (0 -> -5), not resistant to hostile enchantments,
unstealthy
A: no striking features
a: Renounce Religion


You were on level 2 of the Dungeon.
You worshipped Xom.
You were a toy of Xom.
You were not hungry.

You visited 1 branch of the dungeon, and saw 2 of its levels.

You collected 21 gold pieces.

Inventory:

Hand weapons
 a - a +0 falchion of chaos (weapon)
Missiles
 e - 2 throwing nets (quivered)
Armour
 b - a +2 leather armour (worn)
Potions
 f - a potion of agility {unknown}
 g - a potion of lignification
 k - 2 potions of cure mutation {unknown}


   Skills:
 + Level 5.2 Fighting
 + Level 5.0 Long Blades
   Level 2.1(3.0) Slings
 + Level 3.6(4.0) Throwing
 + Level 3.8 Armour
 + Level 2.7 Dodging
 + Level 2.2 Stealth
   Level 2.5 Shields
 + Level 2.7 Unarmed Combat
 + Level 2.8 Spellcasting
   Level 2.4 Conjurations
   Level 2.4 Hexes


You had 8 spell levels left.
You didn't know any spells.

Dungeon Overview and Level Annotations

Branches:
Dungeon (2/15)

Altars:


Message History

You feel sick. The adder barely misses you. The adder barely misses you.
The adder bites you.
* * * LOW HITPOINT WARNING * * *
You are lethally poisoned!
The adder poisons you!
You closely miss the adder.
The adder is lightly wounded.
* * * LOW HITPOINT WARNING * * *
You feel sick. The adder closely misses you.
A ball python comes into view.
* * * LOW HITPOINT WARNING * * *
You feel sick. The adder bites you but does no damage.
* * * LOW HITPOINT WARNING * * *
You feel sick. The adder misses you. The adder bites you but does no damage.
* * * LOW HITPOINT WARNING * * *
You feel sick. The adder bites you but does no damage.
* * * LOW HITPOINT WARNING * * *
You feel sick. The adder bites you.
You die...

######## #...S..######
#...........# ##
#...........# #.
.......... #.
........###### #.
#########.##+##.....###.
.......@S...............
#######.s....#..<...#.#.
#......#......#.##
#......#......#>.
....[..##.#########
..#...#.#.w.
...#.#....... ##
#.###.....


You could see an adder (berserk) and a giant cockroach.

Vanquished Creatures
  An adder (D:2)
  An ooze (D:1)
  A giant gecko (D:1)
  3 bats (D:1)
  A hobgoblin (D:1)
  6 jackals (D:1)
  5 kobolds
  A giant newt (D:1)
  4 goblins (D:1)
  A rat (D:1)
24 creatures vanquished.

Notes
Turn   | Place    | Note
--------------------------------------------------------------
     0 | D:1      | kosy22 the Hill Orc Chaos Knight began the quest for the Orb.
     0 | D:1      | Reached XP level 1. HP: 19/19 MP: 1/1
    20 | D:1      | XOM: harmless Divn miscast
   119 | D:1      | XOM: potion effect (berserk rage)
   264 | D:1      | Reached XP level 2. HP: 27/27 MP: 2/2
   338 | D:1      | XOM: silly message
   367 | D:1      | XOM: divination: detect items
   502 | D:1      | Reached skill level 1 in Dodging
   662 | D:1      | Reached XP level 3. HP: 30/33 MP: 3/3
   674 | D:1      | XOM: harmless Divn miscast
   675 | D:1      | Reached skill level 4 in Fighting
  1062 | D:2      | XOM: silly message
  1256 | D:2      | XOM: potion effect (experience)
  1256 | D:2      | Reached skill level 5 in Fighting
  1256 | D:2      | Reached skill level 5 in Long Blades
  1256 | D:2      | Reached XP level 4. HP: 29/42 MP: 3/8
  1256 | D:2      | XOM: smoke on damage
  1272 | D:2      | XOM: harmless Divn miscast
  1287 | D:2      | Slain by an adder

Vault maps used:
D:1:      minmay_arrival_jagged, kennysheep_nondescript, minmay_misc_feat_five,
          corexii_item_surrounded_by_moat
D:2:      kennysheep_six_static_rooms, st_stairs_12, uniq_sigmund, uniq_iyjb

Action                   |  1- 3 |  4- 6 || total
-------------------------+-------+-------++-------
Melee: Falchion          |    69 |    11 ||    80
  Use: Scroll            |     4 |       ||     4
  Eat: Bread ration      |     1 |       ||     1
